 Dungeon Crawl Stone Soup version 0.22.1-1-ga44c0e5 (webtiles) character file.

51 drum12 the Skirmisher (level 3, -2/31 HPs)
             Began as a Draconian Fighter on Sept 23, 2018.
             Slain by an adder (4 damage)
             ... on level 2 of the Dungeon.
             The game lasted 00:26:42 (1814 turns).

drum12 the Skirmisher (Draconian Fighter)           Turns: 1814, Time: 00:26:42

Health: -2/31      AC:  6    Str: 19    XL:     3   Next: 58%
Magic:  3/3        EV: 10    Int:  8    God:
Gold:   80         SH:  9    Dex: 10    Spells: 2/2 levels left

rFire    . . .     SeeInvis .   a - +0 rapier
rCold    . . .     Gourm    .   b - +0 shield
rNeg     . . .     Faith    .   (armour unavailable)
rPois    .         Spirit   .   (helmet restricted)
rElec    .         Reflect  .   q - +0 cloak
rCorr    .         Harm     .   (no gloves)
MR       .....                  (no boots)
Stlth    +.........             (no amulet)
HPRegen  0.10/turn              (no ring)
MPRegen  0.08/turn              (no ring)

@: no status effects
A: unfitting armour, cold-blooded, AC +5
a: no special abilities


You were on level 2 of the Dungeon.
You were completely stuffed.

You visited 1 branch of the dungeon, and saw 2 of its levels.

You collected 80 gold pieces.

Inventory:

Hand Weapons
 a - a +0 rapier (weapon)
 c - a +0 dagger
 j - a +0 club
 k - a +0 dagger
 m - a +0 hand axe
 n - a +0 club
 o - a +0 club
 p - a cursed -2 club
 s - a +0 club
 v - a +0 quarterstaff
 w - a +0 dagger
Missiles
 g - 21 arrows
 h - 20 stones (quivered)
 i - 19 sling bullets
 x - 17 bolts
Armour
 b - a +0 shield (worn)
 q - a +0 cloak (worn)
 r - a +0 ring mail


   Skills:
 + Level 3.6 Fighting
 + Level 2.4 Short Blades
 + Level 0.9 Throwing
 + Level 3.3 Dodging
 + Level 3.2 Shields


You had 2 spell levels left.
You didn't know any spells.
Your spell library was empty.

Dungeon Overview and Level Annotations

Branches:
Dungeon (2/15)

Altars:
Qazlal


Innate Abilities, Weirdness & Mutations

Your plain brown scales are hard. (AC +5)
You cannot fit into any form of body armour.
You are cold-blooded and may be slowed by cold attacks.


Message History

You block the rat's attack. The adder closely misses you. The worm misses you.
The adder barely misses you. You block the adder's attack.
The adder completely misses you. The worm barely misses you.
You puncture the rat!
You kill the rat!
You block the adder's attack. x2
You barely miss the worm. You block the adder's attack.
The worm bites you but does no damage.
Your shield prevents you from hitting the worm.
Your tail-slap misses the worm.
The adder bites you but does no damage. You block the worm's attack.
The adder closely misses you.
You hit the worm.
The worm is lightly wounded.
The adder closely misses you.
You are too injured to fight recklessly!
You miss the adder. The adder bites you.
You die...

*,*,#........##.#######.#.....,,,
*,*,#........##'#....##.#.....,,.
*,*,#.#......................,,,.
*,*,#.'.......>..............,,,.
*,*,###...##............#...####.
*,*,* #...##.....###÷...#...#....
*,*,**#...##.....###..÷.#..<.....
*,*,*.....##......##....#........
*,*,#......#...w@................
*,*,#......+...S........#.....g..
*,*,#.#....###.........##........
*,*,*,*,.......................##
*,*,,,,..............<..........g
*,***,*#.....#...................
,,,,,,**.....#...................
********.....#...................
######............#........#


You could see a worm and an adder.

Vanquished Creatures
  2 worms (D:2)
  3 dart slugs
  3 bats
  2 giant cockroaches (D:2)
  7 goblins
  4 hobgoblins
  4 jackals (D:2)
  2 kobolds (D:1)
  A quokka (D:2)
  7 rats
35 creatures vanquished.

Notes
Turn   | Place    | Note
-------+----------+-------------------------------------------
     0 | D:1      | drum12 the Draconian Fighter began the quest for the Orb.
     0 | D:1      | Reached XP level 1. HP: 19/19 MP: 1/1
   943 | D:1      | Reached XP level 2. HP: 26/26 MP: 2/2
  1516 | D:2      | Reached XP level 3. HP: 31/31 MP: 3/3
  1714 | D:2      | Found a stormy altar of Qazlal.
  1800 | D:2      | HP: 1/31 [adder (1)]
  1814 | D:2      | Slain by an adder

Skill      XL: |  1 |
---------------+----+-----
Dodging        | 3 |  3.3
Fighting       | |  3.6
Short Blades   | |  2.4
Throwing       | |  0.9
Shields        | |  3.2

Action                   || total
-------------------------++-------
Melee: Rapier            ||   116
       Tailslap          ||     7
Throw: Stone             ||    11
       Javelin           ||     7
  Use: Potion            ||     4
       Scroll            ||     3
 Stab: Sleeping          ||     1
  Eat: Ration            ||     4
Armor: Skin              ||    25
Dodge: Dodged            ||    57
Block: Shield            ||    64
